Map: New Repugnancy LE

Players

Mez

  • Race: Terran Terran
  • League: Master
  • Spawn Location: 7:00

Chadoboy - Winner!

  • Race: Protoss Protoss
  • League: Master
  • Spawn Location: 1:00

VOD

Have the link to the VOD?

Description

Time

  • Played on: July 30, 2019, 1:52 a.m.
  • Length: 11:06
Show
View Real Time Build Order
Export as new Build Order

Mez Terran 

Build Orders:  

Get SALT Encoding   

  12  0:01  SCV  
  13  0:13  SCV  
  14  0:17  Supply Depot  
  14  0:25  SCV  
  15  0:39  SCV  
  15  0:40  Barracks  
  16  0:44  Refinery  
  16  0:51  SCV  
  17  1:03  SCV  
  18  1:15  SCV  
  19  1:27  SCV  
  19  1:31  Reaper  
  21  1:42  SCV, Command Center  
  22  1:56  Barracks  
  22  2:01  Orbital Command  
  22  2:07  Barracks Reactor  
  22  2:20  Barracks  
  22  2:25  Supply Depot  
  22  2:29  SCV  
  23  2:40  Bunker  
  23  2:45  Barracks Tech Lab  
  23  2:46  SCV  
  23  2:48  Reaper  
  25  2:57  Orbital Command  
  25  3:02  SCV  
  26  3:10  Marine x2  
  26  3:15  SCV  
  27  3:24  Marine  
  27  3:27  SCV  
  27  3:28  Marine  
  27  3:30  SCV  
  27  3:33  Concussive Shells  
  30  3:34  Marauder  
  30  3:35  Marine  
  30  3:40  SCV  
  34  3:42  SCV  
  34  3:47  Marine x2  
  37  3:52  SCV  
  37  3:54  SCV  
  39  3:58  Marine, Marauder  
  42  4:04  SCV  
  42  4:06  Engineering Bay, SCV  
  44  4:10  Supply Depot  
  44  4:12  Marine x2  
  44  4:16  Stimpack  
  46  4:31  SCV x2, Marine x2  
  46  4:32  Marine  
  46  4:33  Marine  
  46  4:34  Supply Depot  
  46  4:37  Factory  
  46  4:38  Refinery x2  
  52  4:43  SCV x2  
  54  4:55  SCV x2, Marine  
  57  5:06  Supply Depot  
  57  5:08  SCV x2  
  57  5:13  Command Center  
  59  5:20  SCV x2  
  61  5:24  Starport, Factory Reactor  
  61  5:25  Terran Infantry Weapons Level 1  
  61  5:27  Barracks Tech Lab  
  61  5:28  Marine x3  
  61  5:32  SCV x2  
  61  5:34  Supply Depot  
  66  5:38  Supply Depot  
  66  5:47  SCV  
  67  5:53  Marauder x2  
  67  5:56  Combat Shield, Marine x2  
  72  5:58  SCV  
  72  5:59  SCV  
  72  6:00  Supply Depot  
  74  6:12  Refinery, Medivac x2  
  74  6:14  Marine  
  74  6:18  Barracks  
  79  6:19  SCV, Barracks  
  79  6:20  SCV  
  79  6:22  Marine x2  
  79  6:23  Marine  
  84  6:38  SCV x2  
  86  6:42  Engineering Bay, Armory  
  86  6:45  Medivac x2  
  90  6:49  Marine x2, Marauder x2  
  90  6:52  Orbital Command  
  90  6:54  SCV x2  
  98  6:58  Supply Depot  
  98  7:06  Refinery, SCV x2  
  100  7:10  Barracks Reactor  
  100  7:11  Barracks Tech Lab  
  100  7:18  SCV x2  
  102  7:42  Marine x2, Marauder x3  
  102  7:43  Medivac x2  
  114  7:45  Terran Infantry Weapons Level 2  
  114  7:46  Terran Infantry Armor Level 1  
  114  7:48  SCV x3  
  114  7:50  Barracks  
  117  7:51  Barracks  
  117  7:52  Barracks  
  117  7:57  Ghost Academy  
  117  8:16  Marine  
  117  8:18  Marine  
  117  8:19  Marine  
  117  8:20  Marauder x2  
  117  8:21  Marine  
  117  8:24  Marauder  
  117  8:31  Medivac  
  117  8:45  Command Center  
  117  8:46  Supply Depot x2  
  117  8:48  Supply Depot  
  117  8:49  Marine x2, Marauder x2, Medivac, Supply Depot x3  
  117  8:50  Ghost, Marine x2  
  117  8:51  Barracks Tech Lab  
  117  8:52  Barracks Tech Lab  
  129  8:56  SCV x3  
  132  9:08  Marine  
  132  9:09  Marine x3  
  137  9:10  Ghost  
  137  9:11  Marauder  
  137  9:12  Barracks Reactor  
  140  9:20  Marauder  
  102  9:32  Marine  
  102  9:33  Marauder  
  80  9:41  Marine, Marauder x2  
  80  9:42  Marine x2, Marauder x2  
  75  9:49  Marine  
  75  9:50  Marine x2  
  78  9:54  Marine  
  78  9:56  Medivac  
  78  9:58  Medivac  
  78  9:59  Marine x3  
  84  10:02  Marine x3  
  84  10:03  Marine  
  90  10:07  Marine  
  90  10:11  Marine x2  
  90  10:12  Marine  
  94  10:17  Marine x2  
  96  10:26  Medivac  
  89  10:28  Medivac  
  98  10:31  SCV x2, Marine x6  
Show
View Real Time Build Order
Export as new Build Order

Chadoboy Protoss - Winner!

Build Orders: Blink Stalkers, Zealot Archon 

Get SALT Encoding   

  12  0:01  Probe  
  13  0:13  Probe  
  14  0:17  Pylon  
  14  0:24  Probe  
  15  0:32  Probe  
  15  0:39  Gateway  
  15  0:40  Probe  
  16  0:49  Assimilator  
  17  0:51  Probe  
  18  1:03  Probe  
  19  1:05  Pylon  
  19  1:15  Probe  
  20  1:25  Cybernetics Core  
  20  1:28  Probe  
  21  1:46  Nexus  
  21  1:54  Stalker, Assimilator  
  21  1:57  Probe  
  22  2:07  Warp Gate  
  24  2:11  Probe  
  25  2:23  Probe  
  25  2:26  Stalker  
  28  2:30  Pylon  
  28  2:34  Probe  
  29  2:42  Probe  
  29  2:50  Probe, Twilight Council  
  30  2:55  Probe  
  30  2:58  Sentry  
  33  3:02  Probe  
  33  3:04  Probe  
  35  3:09  Shield Battery  
  36  3:16  Probe  
  36  3:17  Probe  
  36  3:19  Blink  
  38  3:28  Probe  
  38  3:29  Probe  
  40  3:34  Gateway  
  40  3:35  Gateway  
  40  3:41  Probe  
  42  3:48  Probe  
  42  3:49  Pylon  
  42  3:54  Robotics Facility  
  42  3:56  Probe  
  42  4:00  Probe  
  44  4:08  Probe, Pylon  
  45  4:12  Probe  
  45  4:14  Stalker  
  48  4:21  Probe  
  49  4:24  Probe  
  49  4:27  Assimilator  
  49  4:30  Assimilator  
  50  4:33  Probe  
  50  4:36  Stalker x2, Probe  
  50  4:37  Stalker  
  58  4:39  Observer  
  58  4:45  Probe  
  60  4:47  Pylon  
  60  4:51  Probe  
  61  4:54  Forge, Observer  
  61  4:57  Probe  
  63  5:08  Stalker x2  
  63  5:09  Stalker  
  63  5:12  Charge  
  69  5:16  Nexus  
  69  5:18  Pylon  
  69  5:22  Immortal  
  69  5:35  Protoss Ground Weapons Level 1  
  73  5:56  Gateway  
  73  5:57  Gateway  
  73  5:58  Gateway x2  
  73  6:00  Gateway  
  73  6:06  Probe  
  73  6:07  Immortal, Probe  
  73  6:11  Pylon  
  75  6:12  Pylon  
  79  6:19  Probe  
  80  6:28  Probe x2  
  80  6:30  Probe  
  80  6:32  Photon Cannon  
  83  6:35  Shield Battery  
  83  6:36  Observer  
  83  6:37  Pylon  
  83  6:40  Probe  
  83  6:44  Pylon  
  84  6:47  Templar Archives  
  84  6:49  Zealot x2  
  88  6:59  Zealot x3  
  88  7:00  Zealot  
  96  7:07  Immortal  
  100  7:17  Shield Battery  
  100  7:18  Photon Cannon  
  100  7:23  High Templar x2  
  100  7:24  High Templar x2  
  100  7:25  Zealot  
  100  7:26  Zealot x2  
  100  7:27  Archon  
  100  7:28  Archon  
  114  7:30  Probe  
  114  7:31  Probe  
  116  7:37  Zealot  
  118  7:45  Probe x3  
  118  7:46  High Templar  
  118  7:47  High Templar  
  125  7:56  Archon, Pylon x2  
  125  7:58  Pylon  
  125  8:02  Assimilator  
  125  8:06  Assimilator  
  125  8:09  Probe  
  125  8:10  Probe  
  118  8:29  Zealot x3  
  118  8:32  Photon Cannon  
  118  8:33  Photon Cannon  
  124  8:45  Templar Archives  
  124  8:49  Pylon  
  124  8:51  Pylon x2  
  124  9:05  Robotics Bay, Forge  
  124  9:06  Robotics Facility  
  124  9:07  Warp Prism  
  125  9:15  Zealot x4  
  125  9:16  Zealot  
  95  9:40  Stalker x6  
  95  9:41  Stalker  
  95  9:53  Probe x3  
  98  10:11  High Templar x2  
  98  10:12  High Templar x2  
  98  10:13  Zealot x4  
  114  10:15  Archon  
  114  10:16  Archon  
  114  10:23  Probe x3  
  117  10:35  Probe x3  
  118  10:37  High Templar x2  
  118  10:38  Zealot x4  
  118  10:39  Nexus  
  118  10:42  Pylon  
  132  10:43  Forge  
  132  10:44  Pylon  
  132  10:47  Zealot x2, Probe x2  
  132  10:48  Archon  
  122  11:02  Zealot x3  
  122  11:03  Zealot  
Tags
 
Add a new tag
Caveats
  • Supply blocks, unpowered buildings, or Contaminate may cause inaccurate times.
  • Supply counts are checked every 10 seconds.